 Dungeon Crawl Stone Soup version 0.17-a0-587-g4707e02 (webtiles) character file.

38 Fluffy the Slasher (level 3, -3/28 HPs)
             Began as a Demonspawn Gladiator on Apr 15, 2015.
             Killed from afar by Ijyb (11 damage)
             ... with a wand of frost
             ... on level 2 of the Dungeon.
             The game lasted 00:02:32 (1044 turns).

Fluffy the Slasher (Demonspawn Gladiator)           Turns: 1044, Time: 00:02:32

Health: -3/28      AC: 11    Str: 16    XL:     3   Next: 25%
Magic:  3/3        EV:  7    Int:  9    God:
Gold:   42         SH:  2    Dex: 13    Spells: 0 memorised, 2 levels left

rFire  + . .     SeeInvis .     a - +0 long sword
rCold  . . .     Clarity  .     n - +0 chain mail
rNeg   . . .     SustAb   .     (no shield)
rPois  .         Gourm    .     c - +0 helmet
rElec  .         Spirit   .     (no cloak)
rCorr  .         Warding  .     (no gloves)
rMut   .         Stasis   .     (no boots)
MR     .....                    (no amulet)
Stlth  ..........               (no ring)
                                l - ring of protection from fire

@: not resistant to hostile enchantments, extremely unstealthy
A: large bone plates 1, spiny 1
a: no special abilities


You were on level 2 of the Dungeon.
You were hungry.

You visited 1 branch of the dungeon, and saw 2 of its levels.

You collected 42 gold pieces.

Inventory:

Hand weapons
 a - a +0 long sword (weapon)
Missiles
 d - 3 throwing nets (quivered)
Armour
 c - a +0 helmet (worn)
 n - a +0 chain mail (worn)
Jewellery
 l - a ring of protection from fire (left hand)
Scrolls
 b - a scroll of enchant weapon {unknown}
 g - a scroll of enchant armour {unknown}
 h - 3 scrolls of magic mapping {unknown}
 j - 2 scrolls of identify {unknown}
 m - a scroll of remove curse {unknown}
Potions
 e - a potion of agility {unknown}
 i - a potion of curing {unknown}
Comestibles
 f - 2 bread rations


   Skills:
 + Level 2.4 Fighting
 + Level 3.5 Long Blades
 - Level 1.7 Throwing
 + Level 0.6 Armour
 - Level 2.6 Dodging


You had 2 spell levels left.
You didn't know any spells.

Dungeon Overview and Level Annotations

Branches:
Dungeon (2/15)

Altars:
Gozag

Annotations:
D:2 Ijyb


Innate Abilities, Weirdness & Mutations

You are partially covered in large bone plates (AC +2, SH +2).
You are partially covered in sharp spines.


Message History

The bat barely misses you. Ijyb hits you but does no damage.
You closely miss Ijyb.
Ijyb is heavily wounded.
The bat hits you but does no damage.
Ijyb zaps a wand.
The puff of frost hits you! The bat is struck by your spines.
The bat hits you but does no damage. Ijyb screams, "I dance on your bones!"
Ijyb zaps a wand.
The puff of frost hits you!
Your chain mail prevents you from hitting Ijyb.
Ijyb is heavily wounded.
The bat closely misses you. Ijyb hits you but does no damage.
Your chain mail prevents you from hitting Ijyb.
Ijyb is heavily wounded.
The bat hits you but does no damage.
Ijyb zaps a wand.
The puff of frost hits you!
* * * LOW HITPOINT WARNING * * *
You closely miss Ijyb.
Ijyb is heavily wounded.
Ijyb zaps a wand.
The puff of frost hits you!
You die...

.. ...#.#.#.# # .##
##.##.#...#.##.##. ..#
................... ..#
..........(.......# ..### #
#..##.#............
....###.####.
#.#..........# .........
... #(#...........
........#
#.###.(..........#
....######
#.(b%@...........
.........######g.....#.####
.##............(####.#.#
#........#######........
........#####. ........
............... .......
........#####. ......
....†...# ..... ........#
....


You could see Ijyb and a bat.

Vanquished Creatures
  An adder (D:2)
  A worm (D:2)
  A ball python (D:1)
  3 bats (D:1)
  A giant cockroach (D:1)
  A goblin (D:1)
  3 hobgoblins (D:1)
  3 jackals (D:1)
  4 giant newts
  5 kobolds
  3 rats
26 creatures vanquished.

Notes
Turn   | Place    | Note
--------------------------------------------------------------
     0 | D:1      | Fluffy, the Demonspawn Gladiator, began the quest for the Orb.
     0 | D:1      | Reached XP level 1. HP: 16/16 MP: 1/1
   111 | D:1      | Reached skill level 3 in Long Blades
   175 | D:1      | Gained mutation: You are partially covered in sharp spines. [demonic ancestry]
   175 | D:1      | Reached XP level 2. HP: 17/22 MP: 2/2
   854 | D:2      | Found an opulent altar of Gozag.
   869 | D:2      | Gained mutation: You are partially covered in large bone plates (AC +2, SH +2). [demonic ancestry]
   869 | D:2      | Reached XP level 3. HP: 20/28 MP: 3/3
   999 | D:2      | Noticed Ijyb
  1044 | D:2      | Killed from afar by Ijyb

Action                   || total
-------------------------++-------
Melee: Long sword        ||    86
